 Dungeon Crawl Stone Soup version 0.30-a0-743-gbfdf073431 (webtiles) character file.

Game seed: 10186065364614312067

1617 pokeman the Thaumaturge (level 8, -12/44 HPs)
             Began as a Deep Elf Hedge Wizard on Feb 7, 2023.
             Was a Follower of Vehumet.
             Killed by divine providence
             ... invoked by an orc priest
              (13 damage)
             ... on level 6 of the Dungeon.
             The game lasted 00:16:09 (6750 turns).

pokeman the Thaumaturge (Deep Elf Hedge Wizard)     Turns: 6750, Time: 00:16:09

Health: -12/44     AC:  4    Str:  7    XL:     8   Next: 64%
Magic:  23/33      EV: 12    Int: 22    God:    Vehumet [*.....]
Gold:   269        SH:  0    Dex: 12    Spells: 19/27 levels left

rFire   . . .      SeeInvis .    v - +0 whip (elec)
rCold   . . .      Faith    .    (no shield)
rNeg    . . .      Spirit   .    b - +0 robe
rPois   .          Reflect  .    w - +0 helmet
rElec   .          Harm     .    (no cloak)
rCorr   .          Rampage  .    (no gloves)
Will    .....                    A - +0 pair of boots
Stlth   ++                       (no amulet)
HPRegen 0.27/turn                x - ring of magical power
MPRegen 0.23/turn                (no ring)

@: no status effects
A: clumsy 1, wild magic 2
a: Renounce Religion


You were on level 6 of the Dungeon.
You worshipped Vehumet.
Vehumet was aware of your devotion.
You visited 2 branches of the dungeon, and saw 7 of its levels.

You collected 269 gold pieces.

Inventory:

Hand Weapons
 v - a +0 whip of electrocution (weapon)
Armour
 b - a +0 robe (worn)
 w - a +0 helmet (worn)
 A - a +0 pair of boots (worn)
Magical Staves
 i - a staff of earth
Jewellery
 x - a ring of magical power (left hand)
Wands
 e - a wand of mindburst (14)
Scrolls
 a - 2 scrolls of vulnerability {unknown}
 j - a scroll of amnesia {unknown}
 m - a scroll of fear {unknown}
 o - a scroll of noise {unknown}
 p - 12 scrolls of identify {unknown}
 r - 2 scrolls of poison {unknown}
 s - a scroll of fog {unknown}
 t - a scroll of enchant armour {unknown}
 u - 2 scrolls of teleportation {unknown}
Potions
 d - a potion of magic
 g - a potion of haste
 h - a potion of degeneration {unknown}
 k - 2 potions of heal wounds
 l - a potion of lignification {unknown}
 n - a potion of curing
 q - 2 potions of might {unknown}
 z - a potion of brilliance {unknown}


   Skills:
 - Level 2.0 Fighting
 - Level 2.0 Armour
 - Level 3.0 Dodging
 - Level 3.0 Stealth
 + Level 1.4 Shields
 * Level 10.1 Spellcasting
 + Level 5.2 Conjurations
 - Level 1.1 Summonings
 - Level 1.1 Translocations
 - Level 1.0 Air Magic
 + Level 4.3 Earth Magic
 - Level 1.0 Poison Magic
 - Level 1.0 Evocations


You had 19 spell levels left.
You knew the following spells:

 Your Spells              Type           Power      Damage    Failure   Level
a - Magic Dart            Conj           100%       1d8       3%          1
b - Mephitic Cloud        Conj/Pois/Air  35%        N/A       16%         3
c - Call Imp              Summ           25%        N/A       14%         2
d - Blink                 Tloc           50%        N/A       14%         2

Your spell library contained the following spells:

 Spells                   Type           Power      Damage    Failure   Level
 Shock                    Conj/Air       100%       1d9       5%          1
 Slow                     Hex            68%        N/A       14%         1
 Cigotuvi's Dreadful Rot  Necr/Pois/Air  44%        N/A       16%         2
 Conjure Ball Lightning   Conj/Air       19%        3x3d6     98%         6
 Discord                  Hex            8%         N/A       100%        8
 Disjunction              Tloc           12%        N/A       100%        8


Dungeon Overview and Level Annotations

Branches:
Dungeon (6/15)             Temple (1/1) D:5

Altars:
Elyvilon
Kikubaaqudgha
Makhleb
Okawaru
Ru
Sif Muna
Trog
Vehumet
Wu Jian
Xom
Yredelemnul
Zin
The Shining One

Annotations:
D:6 2 transporters


Innate Abilities, Weirdness & Mutations

You are clumsy. (Dex -2)
Your spells are harder to cast, but more powerful.


Message History

The stinking cloud engulfs the orc wizard but does no damage.
The orc wizard is heavily wounded.
The stinking cloud engulfs the orc but does no damage.
The orc is heavily wounded.
The stinking cloud engulfs you but does no damage.
You hear a shout!
The orc is engulfed in noxious fumes.
The orc appears confused.
The orc priest invokes the aid of Beogh against you.
Beogh smites you!
* * * LOW HITPOINT WARNING * * *
The orc wizard hits the orc priest but does no damage.
The orc wizard barely misses itself.
The orc wizard is engulfed in noxious fumes.
The orc wizard appears confused.
The orc wizard barely misses something.
The orc wizard hits itself with a +0 dagger of venom.
The orc wizard is poisoned.
The orc wizard grins madly.
The orc wizard hits the orc wizard with a +0 dagger.
The orc is engulfed in noxious fumes.
The orc appears confused.
The orc barely misses something.
The orc priest calls upon Beogh to heal the orc wizard.
The orc wizard's wounds heal themselves!
Casting: Mephitic Cloud (dangerous; 16% risk of failure)
Confirm with . or Enter, or press ? or * to list all spells.
A beastly little devil appears in a puff of frigid air.
The orc is engulfed in noxious fumes.
The orc appears confused.
The orc wizard hits the orc with a +0 dagger.
Something hits you.
* * * LOW HITPOINT WARNING * * *
The orc wizard is engulfed in noxious fumes.
The orc wizard appears confused.
The orc wizard hits the orc with a +0 dagger of venom.
The orc is poisoned.
The orc wizard hits the orc with a +0 dagger.
The orc is killed!
Vehumet accepts your kill.
The orc wizard hits itself with a +0 dagger.
The orc priest invokes the aid of Beogh against you.
Beogh smites you!
You die...

#### ### ### #..# #.# #.#######
##..#########.# #........
#.....o°☼..@5.## #[#######
#....ooo#####..## #.# #..###).#
#...####.# #....#.#...#
#........# ....#'#.###.#
##........#######
..#..#..:..#.###....#...........
..'. ###.###.......#>#...#######
.#. ..#.# .#.#....#...........
#..## ..........(.........


You could see an orc priest, 3 orc wizards and a friendly white imp (summoned).

Vanquished Creatures
  Eustachio (D:6)
  A black bear (D:6)
  An orc warrior (D:6)
  3 ogres
  A sky beast (D:6)
  A bullfrog (D:6)
  5 scorpions
  A howler monkey (D:5)
  3 hounds (D:6)
  A gnoll bouda (D:6)
  An iguana (D:4)
  Natasha (D:2)
  An orc wizard (D:4)
  5 gnolls
  6 adders
  A shadow imp (D:5)
  An ufetubus (D:6)
  2 dart slugs (D:2)
  10 orcs
  3 ball pythons
  4 bats
  An endoplasm (D:2)
  3 giant cockroaches
  6 goblins
  8 hobgoblins
  6 jackals
  6 quokkas
  A frilled lizard (D:1)
  2 kobolds
  A rat (D:1)
87 creatures vanquished.

Vanquished Creatures (collateral kills)
  Edmund (D:6)
  An orc wizard (D:6)
  3 gnolls (D:4)
  A worm (D:2)
6 creatures vanquished.

Grand Total: 93 creatures vanquished

Notes
Turn   | Place    | Note
-------+----------+-------------------------------------------
     0 | D:1      | pokeman the Deep Elf Hedge Wizard began the quest for the
                  | Orb.
     0 | D:1      | Reached XP level 1. HP: 10/10 MP: 7/7
   450 | D:1      | Reached XP level 2. HP: 11/15 MP: 3/9
   971 | D:1      | Reached skill level 5 in Spellcasting
   971 | D:1      | Reached XP level 3. HP: 15/20 MP: 2/11
   975 | D:1      | Learned a level 3 spell: Mephitic Cloud
   978 | D:1      | Learned a level 2 spell: Call Imp
   981 | D:1      | Learned a level 2 spell: Blink
  1314 | D:2      | Reached skill level 1 in Armour
  1691 | D:2      | Reached skill level 1 in Fighting
  1709 | D:2      | Found a faded altar of an unknown god.
  1972 | D:2      | Noticed Natasha
  1976 | D:2      | Killed Natasha
  1977 | D:2      | Reached XP level 4. HP: 25/25 MP: 8/13
  2946 | D:4      | Found an ornate altar of the Wu Jian Council.
  3322 | D:4      | Reached skill level 6 in Spellcasting
  3322 | D:4      | Reached XP level 5. HP: 29/29 MP: 8/15
  3730 | D:4      | Found a shimmering blue altar of Sif Muna.
  3855 | D:5      | Entered Level 5 of the Dungeon
  4096 | D:4      | Reached skill level 1 in Air Magic
  4096 | D:4      | Reached skill level 1 in Earth Magic
  4181 | D:5      | Reached XP level 6. HP: 9/34 MP: 11/17
  4260 | D:5      | Reached skill level 1 in Poison Magic
  4260 | D:5      | Reached skill level 1 in Evocations
  4273 | D:5      | Gained mutation: You are dopey. (Int -2) [potion of
                  | mutation]
  4273 | D:5      | Gained mutation: You are agile. (Dex +4, Str/Int -1)
                  | [potion of mutation]
  4273 | D:5      | Gained mutation: You have a pair of small antennae on your
                  | head. [potion of mutation]
  4273 | D:5      | Gained mutation: You are very agile. (Dex +8, Str/Int -2)
                  | [potion of mutation]
  4275 | D:5      | HP: 1/34 [poisoned by a scorpion]
  4283 | D:5      | Reached skill level 7 in Spellcasting
  4627 | D:5      | Found a staircase to the Ecumenical Temple.
  4636 | Temple   | Entered the Ecumenical Temple
  4738 | Temple   | Became a worshipper of Vehumet
  4831 | D:5      | Found an iron altar of Okawaru.
  4860 | D:5      | Reached XP level 7. HP: 25/38 MP: 5/20
  5304 | D:6      | Noticed Edmund
  5325 | D:6      | Killed Edmund
  5326 | D:6      | Reached skill level 8 in Spellcasting
  5689 | D:6      | Reached XP level 8. HP: 9/44 MP: 12/22
  5692 | D:6      | Reached skill level 9 in Spellcasting
  5742 | D:6      | HP: 1/44 [sky beast (5)]
  6195 | D:6      | Noticed a brown ugly thing
  6196 | D:6      | Found a basalt altar of Yredelemnul.
  6197 | D:6      | Noticed a troll
  6202 | D:6      | Found a transporter.
  6230 | D:6      | Found a transporter.
  6379 | D:6      | Noticed Eustachio
  6397 | D:6      | Reached * piety under Vehumet
  6397 | D:6      | Offered knowledge of Shock by Vehumet.
  6407 | D:6      | Killed Eustachio
  6408 | D:6      | Reached skill level 1 in Shields
  6408 | D:6      | Reached skill level 5 in Conjurations
  6412 | D:6      | Lost mutation: You have a pair of small antennae on your
                  | head. [potion of mutation]
  6412 | D:6      | Lost mutation: You are very agile. (Dex +8, Str/Int -2)
                  | [potion of mutation]
  6412 | D:6      | Lost mutation: You are agile. (Dex +4, Str/Int -1) [potion
                  | of mutation]
  6412 | D:6      | Gained mutation: You are partially covered in iridescent
                  | scales. (AC +2) [potion of mutation]
  6413 | D:6      | Lost mutation: You are dopey. (Int -2) [potion of mutation]
  6413 | D:6      | Lost mutation: You are partially covered in iridescent
                  | scales. (AC +2) [potion of mutation]
  6413 | D:6      | Gained mutation: You occasionally lose the ability to read
                  | scrolls when taking damage. [potion of mutation]
  6413 | D:6      | Gained mutation: Your spells are a little harder to cast,
                  | but a little more powerful. [potion of mutation]
  6413 | D:6      | Gained mutation: Your spells are harder to cast, but more
                  | powerful. [potion of mutation]
  6413 | D:6      | Gained mutation: You have hidden genetic potential. [potion
                  | of mutation]
  6414 | D:6      | Lost mutation: You have hidden genetic potential. [potion
                  | of mutation]
  6414 | D:6      | Lost mutation: Your spells are harder to cast, but more
                  | powerful. [potion of mutation]
  6414 | D:6      | Lost mutation: You occasionally lose the ability to read
                  | scrolls when taking damage. [potion of mutation]
  6414 | D:6      | Gained mutation: Your spells are harder to cast, but more
                  | powerful. [potion of mutation]
  6414 | D:6      | Gained mutation: You are clumsy. (Dex -2) [potion of
                  | mutation]
  6669 | D:6      | Reached skill level 10 in Spellcasting
  6749 | D:6      | HP: 1/44 [something (2)]
  6750 | D:6      | Killed from afar by an orc priest

Illustrated notes

Levels and vault maps discovered:
D:1:      dpeg_arrival_rooms_a, layout_loops_ring
D:2:      layout_loops_corners, basic_ecumenical_altar, uniq_natasha
D:3:      layout_basic, serial_bayou_crossing
D:4:      layout_loops_corners, lemuel_round_altar,
          mainiacjoe_overflow_tiny_flanked
D:5:      layout_rooms, okawaru_gym_becter, lemuel_temple_firewalk_b,
          kennysheep_pointless_box
D:6:      layout_basic, gammafunk_temple_overflow_arena,
          hangedman_decor_clover_reticule, st_stairs_14, minmay_misc_feat_alley,
          minmay_a_box_with_orc_wizards_in_it, uniq_eustachio, uniq_edmund
Temple:   bh_familiar_temple

Skill      XL: |  1  2  3  4  5  6  7  8 |
---------------+-------------------------+-----
Spellcasting   | 5 6 7 8 10 | 10.1
Armour         | 1 2 |  2.0
Fighting       | 1 2 |  2.0
Conjurations   | 2 3 4 5 |  5.2
Dodging        | 3 |  3.0
Stealth        | 3 |  3.0
Air Magic      | 1 |  1.0
Earth Magic    | 1 2 3 4 |  4.3
Poison Magic   | 1 |  1.0
Evocations     | 1 |  1.0
Shields        | 1 |  1.4
Summonings     | |  1.1
Translocations | |  1.1

Action                     |  1- 3 |  4- 6 |  7- 9 || total
---------------------------+-------+-------+-------++-------
  Melee: Dagger            |    28 |     1 |       ||    29
         Punch             |     1 |     1 |       ||     2
         Whip              |       |    30 |    82 ||   112
   Cast: Magic Dart        |    92 |    73 |    61 ||   226
         Mephitic Cloud    |     1 |    10 |    22 ||    33
         Call Imp          |     1 |     4 |     6 ||    11
         Blink             |       |     2 |     1 ||     3
    Use: Potion            |       |     4 |     4 ||     8
   Stab: Confused          |     1 |     8 |    11 ||    20
 Armour: Robe              |    10 |     3 |     8 ||    21
  Dodge: Dodged            |    31 |    20 |    57 ||   108

Table legend: (Time is in decaauts)
 A = Elapsed time spent in this place.
 B = Non-inter-level travel time spent in this place.
 C = Inter-level travel time spent in this place.
 D = Time resting spent in this place.
 E = Time spent auto-exploring this place.
 F = Levels seen in this place.
 G = Mean time per level.
                   A        B        C        D        E       F      G
               +--------+--------+--------+--------+--------+-----+--------+
         Total |   6748 |   6627 |    121 |    310 |   5287 |   7 |  964.0 |
       Dungeon |   6616 |   6523 |     93 |    310 |   5191 |   6 | 1102.7 |
        Temple |    131 |    103 |     28 |      0 |     96 |   1 |  131.0 |
               +--------+--------+--------+--------+--------+-----+--------+

Top non-repeatable levels by time:
     D:6: 1335 daAuts
     D:4: 1273 daAuts
     D:2: 1245 daAuts
     D:5: 1135 daAuts
     D:1: 1080 daAuts
     D:3: 546 daAuts
  Temple: 131 daAuts
